 Dungeon Crawl Stone Soup version 0.29-a0-1027-gcd8c55af63 (webtiles) character file.

Game seed: 6150506516241565188

24 nicolae the Changer (level 2, 0/23 HPs)
             Began as a Draconian Transmuter on Aug 12, 2022.
             Frozen to death by an endoplasm (3 damage)
             ... on level 1 of the Dungeon.
             The game lasted 00:00:43 (343 turns).

nicolae the Changer (Draconian Transmuter)           Turns: 343, Time: 00:00:44

Health: 0/23       AC:  4    Str: 12    XL:     2   Next: 79%
Magic:  3/5        EV: 12    Int: 13    God:
Gold:   30         SH:  0    Dex: 11    Spells: 2/5 levels left

rFire   . . .      SeeInvis .     - Unarmed
rCold   . . .      Faith    .   (no shield)
rNeg    . . .      Spirit   .   (body armour unavailable)
rPois   .          Reflect  .   (helmet restricted)
rElec   .          Harm     .   (no cloak)
rCorr   .          Rampage  .   (no gloves)
Will    .....                   (no boots)
Stlth   +.........              (no amulet)
HPRegen 0.07/turn               (no ring)
MPRegen 0.09/turn               (no ring)

@: wereblooded, slowed, very slow
A: AC +4, unfitting armour, cold-blooded
a: no special abilities


You were on level 1 of the Dungeon.
You visited 1 branch of the dungeon, and saw 1 of its levels.

You collected 30 gold pieces.

Inventory:

Missiles
 c - 5 poisoned darts
Potions
 a - a potion of lignification
 b - a potion of degeneration {unknown}


   Skills:
 - Level 1.1 Fighting
 - Level 1.7 Dodging
 - Level 3.0 Unarmed Combat
 - Level 2.0 Spellcasting
 + Level 3.4 Transmutations


You had 2 spell levels left.
You knew the following spells:

 Your Spells              Type           Power      Damage    Failure   Level
a - Beastly Appendage     Tmut           20%        N/A       6%          1
b - Wereblood             Tmut           10%        N/A       10%         2

Your spell library contained the following spells:

 Spells                   Type           Power      Damage    Failure   Level
 Spider Form              Tmut/Pois      5%         N/A       36%         3
 Ice Form                 Ice/Tmut       5%         N/A       77%         4


Dungeon Overview and Level Annotations

Branches:
Dungeon (1/15)

Altars:

Shops:
D:1 [


Innate Abilities, Weirdness & Mutations

Your plain brown scales are hard. (AC +4)
You cannot fit into any form of body armour.
You are cold-blooded and may be slowed by cold attacks.


Message History

The jackal closely misses you. The jackal barely misses you.
The jackal bites you but does no damage.
You hit the jackal but do no damage. You claw the jackal.
You kill the jackal!
The jackal completely misses you. The jackal bites you.
The jackal bites you but does no damage.
You barely miss the jackal. You claw the jackal.
You kill the jackal!
Your horns disappear.
Your talons disappear.
The jackal bites you.
You barely miss the endoplasm. The endoplasm barely misses you.
The jackal closely misses you.
You hit the endoplasm but do no damage.
The jackal bites you but does no damage.
The endoplasm freezes you.
You are frozen.
You feel yourself slow down. The jackal barely misses you.
You are too injured to fight recklessly!
You are too injured to fight recklessly!
You are too injured to fight recklessly!
You are too injured to fight recklessly!
Casting: Beastly Appendage (safe; 6% risk of failure)
Confirm with . or Enter, or press ? or * to list all spells.
Your blood is infused with primal strength.
The endoplasm closely misses you. The jackal bites you.
The endoplasm freezes you.
You are frozen.
* * * LOW HITPOINT WARNING * * *
The jackal misses you.
You hit the endoplasm.
The endoplasm is almost dead.
The jackal barely misses you. The endoplasm freezes you.
You are frozen.
* * * LOW HITPOINT WARNING * * *
The jackal misses you.
You barely miss the jackal. The jackal closely misses you.
The endoplasm barely misses you. The jackal closely misses you.
The endoplasm freezes you.
You are frozen.
You die...

#...... #......
....... #.....
#..... #.^...
#.....########+###
#....J@..........#
#....h...........#
#................#
###..............#
#..............#
...
#..............#
...
#...........)..# ..
#..............# ..
#.............)##.#


You could see an endoplasm and a jackal.

Vanquished Creatures
  A dart slug (D:1)
  A ball python (D:1)
  An endoplasm (D:1)
  2 goblins (D:1)
  2 hobgoblins (D:1)
  7 jackals (D:1)
  A bat (D:1)
  A kobold (D:1)
  3 rats (D:1)
19 creatures vanquished.

Notes
Turn   | Place    | Note
-------+----------+-------------------------------------------
     0 | D:1      | nicolae the Draconian Transmuter began the quest for the
                  | Orb.
     0 | D:1      | Reached XP level 1. HP: 16/16 MP: 3/3
    86 | D:1      | Found Eganipn's Antique Armour Shop.
   108 | D:1      | Reached XP level 2. HP: 23/23 MP: 5/5
   170 | D:1      | Learned a level 2 spell: Wereblood
   343 | D:1      | Frozen to death by an endoplasm

Illustrated notes

Levels and vault maps discovered:
D:1:      matt_arrival_spirals, layout_basic, serial_shops, shop_fountains

Skill      XL: |  1  2 |
---------------+-------+-----
Transmutations | 3 |  3.4
Fighting       | |  1.1
Dodging        | |  1.7
Unarmed Combat | |  3.0
Spellcasting   | |  2.0

Action                   || total
-------------------------++-------
Melee: Unarmed           ||    58
       Kick              ||    10
       Headbutt          ||     4
       Tailslap          ||     4
       Punch             ||     3
 Cast: Beastly Appendage ||     5
       Wereblood         ||     1
Armor: Skin              ||    24
Dodge: Dodged            ||    63

Table legend: (Time is in decaauts)
 A = Elapsed time spent in this place.
 B = Non-inter-level travel time spent in this place.
 C = Inter-level travel time spent in this place.
 D = Time resting spent in this place.
 E = Time spent auto-exploring this place.
 F = Levels seen in this place.
 G = Mean time per level.
                   A        B        C        D        E       F      G
               +--------+--------+--------+--------+--------+-----+--------+
         Total |    340 |    340 |      0 |      0 |    242 |   1 |  340.0 |
       Dungeon |    340 |    340 |      0 |      0 |    242 |   1 |  340.0 |
               +--------+--------+--------+--------+--------+-----+--------+

Top non-repeatable levels by time:
     D:1: 340 daAuts
